 Dungeon Crawl Stone Soup version 0.17-a0-1262-gd250d98 (webtiles) character file.

11027 kidanger the Grappler (level 11, -13/109 HPs)
             Began as a Troll Monk on June 6, 2015.
             Was an Initiate of Gozag.
             Mangled by a seven-headed hydra (18 damage)
             ... on level 2 of the Lair of Beasts.
             The game lasted 00:55:50 (10704 turns).

kidanger the Grappler (Troll Monk)                 Turns: 10704, Time: 00:55:51

Health: -13/109    AC:  6    Str: 24    XL:     11   Next: 43%
Magic:  10/10      EV: 15    Int:  6    God:    Gozag
Gold:   670        SH:  0    Dex: 15    Spells: 3 memorised, 5 levels left

rFire  . . .     SeeInvis .       - Unarmed
rCold  . . .     Clarity  .     l - +1 robe "Ywagoh" {rPois}
rNeg   . . .     SustAt   .     (no shield)
rPois  +         Gourm    +     (helmet restricted)
rElec  .         Spirit   .     (no cloak)
rCorr  .         Warding  .     (gloves unavailable)
rMut   .         Stasis   .     (boots unavailable)
MR     .....                    (no amulet)
Stlth  ++........               (no ring)
                                z - +3 ring of dexterity

@: drained, not resistant to hostile enchantments, unstealthy
A: unfitting armour, claws 3, fast metabolism 3, gourmand, regeneration 2,
shaggy fur 1, tough skin 2
a: Potion Petition, Call Merchant, Bribe Branch, Renounce Religion


You were on level 2 of the Lair of Beasts.
You worshipped Gozag.
Gozag was noncommittal.
You were not hungry.

You visited 3 branches of the dungeon, and saw 14 of its levels.

You collected 2710 gold pieces.
You spent 408 gold pieces at shops.
You paid 1632 gold pieces to Gozag.

Inventory:

Hand weapons
 v - a +2 halberd of freezing
 w - a +1 flail of holy wrath
 K - a +0 giant spiked club
 M - a +1 dagger of protection
 S - the +5 rapier of Exoneration {freeze, rF- Str+6}
   (You found it on level 1 of the Lair of Beasts)

   It has been specially enchanted to freeze those struck by it, causing extra
   injury to most foes and up to half again as much damage against particularly
   susceptible opponents.
   It can also slow down cold-blooded creatures.
   It affects your strength (+6).
   It makes you vulnerable to fire.
 V - a +2 long sword
Armour
 a - a +2 robe
 b - a +1 robe of magic resistance
 l - the +1 robe "Ywagoh" (worn) {rPois}
   (You found it on level 1 of the Lair of Beasts)

   It protects you from poison.
Rods
 C - a +0 lightning rod (14/14)
   (You found it on level 2 of the Lair of Beasts)
 P - a +1 iron rod (13/13)
   (You found it on level 10 of the Dungeon)
Jewellery
 z - a +3 ring of dexterity (left claw)
Magical devices
 i - a wand of confusion (5)
 m - a wand of polymorph (7)
 s - a wand of disintegration (9)
 A - a wand of magic darts (12)
 D - a wand of fire (7)
 R - a wand of magic darts (14)
Scrolls
 e - a scroll of enchant weapon
 q - a scroll of recharging {unknown}
 t - 3 scrolls of remove curse
 x - 4 scrolls of teleportation
 y - 2 scrolls of fog
 B - 8 scrolls of identify
 I - a scroll of magic mapping
 J - 3 scrolls of fear {unknown}
 T - 2 scrolls of immolation
 U - a scroll of noise {unknown}
Potions
 c - 4 potions of curing
 f - 2 potions of flight
 g - a potion of lignification
 h - a potion of cure mutation {unknown}
 j - 3 potions of might {unknown}
 k - a potion of invisibility
 o - 2 potions of cancellation {unknown}
 r - 3 potions of agility
 E - a potion of poison {unknown}
 H - a potion of resistance {unknown}
 W - a potion of degeneration {unknown}
Books
 p - a book of the Sky

   Spells                             Type                      Level
   a - Summon Lightning Spire         Summoning/Air                4
   b - Airstrike                      Air                          4
   c - Silence                        Hexes/Air                    5
   d - Deflect Missiles               Charms/Air                   6
   e - Conjure Ball Lightning         Conjuration/Air              6
   f - Tornado                        Air                          9
 N - a book of Battle

   Spells                             Type                      Level
   a - Infusion                       Charms                       1
   b - Shroud of Golubria             Charms/Translocation         2
   c - Song of Slaying                Charms                       2
   d - Spectral Weapon                Hexes/Charms                 3
   e - Regeneration                   Charms/Necromancy            3
 Q - a book of Changes

   Spells                             Type                      Level
   a - Beastly Appendage              Transmutation                1
   b - Sticks to Snakes               Transmutation                2
   c - Spider Form                    Transmutation/Poison         3
   d - Ice Form                       Ice/Transmutation            4
   e - Blade Hands                    Transmutation                5
Miscellaneous
 d - a plain deck of destruction {drawn: 7}
 G - a box of beasts {used: 1}
 X - a plain deck of summoning {drawn: 1}
Comestibles
 n - 9 royal jellies
 u - 8 fruits
 F - 10 slices of pizza
 O - 3 bread rations


   Skills:
 + Level 7.6(7.4) Fighting
 - Level 0.1(0.0) Short Blades
 + Level 10.0(9.8) Dodging
 + Level 4.3(4.2) Stealth
 + Level 10.1(9.9) Unarmed Combat
 + Level 0.4(0.2) Charms
 + Level 1.2(1.0) Evocations


You had 5 spell levels left.
You knew the following spells:

 Your Spells              Type           Power        Failure   Level  Hunger
a - Infusion              Chrm           #.....       52%         1    ##.....
b - Song of Slaying       Chrm           #.......     77%         2    ###....
c - Shroud of Golubria    Chrm/Tloc      #.........   77%         2    ###....


Dungeon Overview and Level Annotations

Branches:
Dungeon (10/15)            Temple (1/1) D:6            Lair (3/8) D:10
  Swamp: Lair:3-6    Shoals: Lair:3-6     Snake: Lair:3-6    Spider: Lair:3-6
    Orc: D:9-12

Altars:
Ashenzari
Cheibriados
Dithmenos
Elyvilon
Fedhas
Gozag
Kikubaaqudgha
Makhleb
Nemelex Xobeh
Okawaru
Qazlal
Ru
Sif Muna
Trog
Vehumet
Xom
Yredelemnul
Zin
The Shining One

Shops:
D:6 [   D:7 (   D:9 }

Annotations:
Lair:2 exclusion: ice statue


Innate Abilities, Weirdness & Mutations

You are too large for most types of armour.
You have claws for hands.
Your metabolism is lightning-fast.
You like to eat raw meat.
You heal very quickly.
You are covered in fur (AC +1).
You have very tough skin (AC +2).


Message History

The seven-headed hydra bites you.
* * * LOW HITPOINT WARNING * * *
The seven-headed hydra closely misses you.
You climb downwards.
You feel a wave of frost pass over you.
There is an entrance to an ice cave on this level.
Hurry and find it before the portal melts!
You hear the steady crackling of a very distant melting archway.
Level annotation: exclusion: ice statue An ice beast comes into view.
Found a disc of storms.
There is a stone staircase leading up here.
Read which item? (? for menu, Esc to quit)
As you read the scroll labeled WIGENGE IMPA, it crumbles to dust.
The creatures around you are filled with an inner flame!
It was a scroll of immolation.
The seven-headed hydra bites you.
* * * LOW HITPOINT WARNING * * *
The seven-headed hydra closely misses you.
The seven-headed hydra bites you!!
You die...
Your body crumbles into a pile of gold.

.##.......###.....
####..#.. .....
##<..## .... # ..
... # ##.## ##...
#P#
##.##.#.##..... #
............... #
........PP..### #
.......@.....P# ##
....#...D.##..# #.
. ###...# ...
...... ..# ....⌠.≈
...... ......≈≈≈≈
...... .....≈≈≈≈.
≈..≈≈≈ ......≈≈.Y≈
≈≈≈≈≈≈ ≈≈≈≈≈≈


You could see a seven-headed hydra (inner flame) and an ice beast (inner flame).

Vanquished Creatures
  The ghost of Bull the Blocker, an experienced MiFi (D:7)
  A hill giant (D:9)
  A queen bee (D:10)
  A spriggan (D:8)
  A wyvern (D:9)
  Eustachio (D:6)
  9 yaks (Lair:1)
  Grum (D:9)
  2 hungry ghosts (D:9)
  2 hippogriffs
  4 wolves (D:9)
  3 porcupines (Lair:1)
  Duvessa (D:6)
  4 orc warriors
  A phantom (D:4)
  3 water moccasins
  4 ice beasts
  3 wasps
  2 ogres
  3 crocodiles
  2 centaurs
  A big kobold (D:8)
  9 giant frogs
  Dowan (D:6)
  2 scorpions
  19 killer bees
  9 wights
  6 crimson imps
  A giant frog skeleton (D:9)
  2 giant frog zombies (D:5)
  A centaur zombie (D:8)
  13 orc wizards
  2 centaur skeletons
  A jelly (D:9)
  A gnoll shaman (D:8)
  7 hounds
  6 orc priests
  5 iguanas
  11 hell rats (Lair:1)
  9 worker ants
  3 sheep
  2 hound zombies
  2 worker ant zombies
  12 adders
  13 gnolls (D:8)
  29 river rats
  A shadow imp (D:9)
  An adder zombie (D:10)
  2 worms (D:2)
  6 giant geckos
  37 orcs
  10 bats
  7 giant cockroaches
  16 goblins
  9 hobgoblins
  11 jackals
  7 quokkas
  3 giant newts
  A jackal skeleton (D:4)
  17 kobolds
  A quokka skeleton (D:5)
  2 quokka zombies
  29 rats
  2 plants (D:10)
379 creatures vanquished.

Vanquished Creatures (others)
  A fungus (Lair:1)
  A plant (D:10)
2 creatures vanquished.

Grand Total: 381 creatures vanquished

Notes
Turn   | Place    | Note
--------------------------------------------------------------
     0 | D:1      | kidanger the Troll Monk began the quest for the Orb.
     0 | D:1      | Reached XP level 1. HP: 22/22 MP: 0/0
   262 | D:1      | Reached XP level 2. HP: 29/29 MP: 1/1
   911 | D:2      | Reached XP level 3. HP: 36/36 MP: 2/2
  1233 | D:3      | Reached XP level 4. HP: 40/44 MP: 3/3
  1702 | D:3      | Reached skill level 5 in Unarmed Combat
  1722 | D:3      | Found an opulent altar of Gozag.
  1730 | D:3      | Became a worshipper of Gozag Ym Sagoz the Greedy
  1771 | D:4      | Noticed a phantom
  1795 | D:4      | Reached XP level 5. HP: 31/50 MP: 4/4
  1813 | D:4      | Killed a phantom
  1902 | D:4      | You fall through a shaft for 2 floors!
  1905 | D:6      | Reached XP level 6. HP: 55/61 MP: 5/5
  1961 | D:6      | Found Rahashry's Armour Boutique.
  1993 | D:5      | Entered Level 5 of the Dungeon
  2119 | D:5      | Reached XP level 7. HP: 67/67 MP: 6/6
  2576 | D:5      | Found an ancient bone altar of Kikubaaqudgha.
  2579 | D:5      | Found a sparkling altar of Nemelex Xobeh.
  2579 | D:5      | Found a deep blue altar of Sif Muna.
  2579 | D:5      | Found a snail-covered altar of Cheibriados.
  2583 | D:5      | Reached skill level 5 in Dodging
  2584 | D:5      | Found a shattered altar of Ashenzari.
  2721 | D:5      | Found a glowing golden altar of the Shining One.
  2724 | D:5      | Noticed an angel
  2746 | D:5      | Found a basalt altar of Yredelemnul.
  2750 | D:5      | Reached skill level 6 in Unarmed Combat
  2751 | D:5      | Noticed a profane servitor
  3230 | D:4      | Reached XP level 8. HP: 70/78 MP: 7/7
  4098 | D:6      | Found a staircase to the Ecumenical Temple.
  4124 | Temple   | Entered the Ecumenical Temple
  4282 | D:6      | Noticed Duvessa
  4283 | D:6      | Noticed Dowan
  4296 | D:6      | Killed Duvessa
  4301 | D:6      | Killed Dowan
  4400 | D:6      | Noticed Eustachio
  4401 | D:6      | Noticed an orc warrior
  4411 | D:6      | Killed an orc warrior
  4411 | D:6      | Reached skill level 7 in Unarmed Combat
  4476 | D:6      | Killed Eustachio
  4476 | D:6      | Reached skill level 5 in Fighting
  4746 | D:7      | Found an iron altar of Okawaru.
  4764 | D:7      | Reached XP level 9. HP: 73/88 MP: 8/8
  4825 | D:7      | Found a radiant altar of Vehumet.
  4941 | D:7      | Found Zenumn's Antique Weapon Shop.
  5067 | D:7      | Found a stormy altar of Qazlal.
  5264 | D:7      | Noticed Bull's ghost (experienced MiFi)
  5289 | D:7      | Killed Bull's ghost
  5289 | D:7      | Reached skill level 8 in Unarmed Combat
  5464 | D:8      | Found a shadowy altar of Dithmenos.
  6158 | D:8      | Found a shimmering altar of Xom.
  6372 | D:9      | Noticed Grum
  6385 | D:9      | Killed Grum
  6391 | D:9      | Reached XP level 10. HP: 44/98 MP: 9/9
  6428 | D:9      | Found Jufuj's Gadget Shop.
  6431 | D:9      | Bought a plain deck of destruction for 168 gold pieces
  6431 | D:9      | Bought a box of beasts for 240 gold pieces
  6464 | D:9      | Found a stormy altar of Qazlal.
  7137 | D:10     | Entered Level 10 of the Dungeon
  7153 | D:10     | Reached skill level 9 in Unarmed Combat
  7305 | D:9      | Reached skill level 1 in Evocations
  7932 | D:10     | Noticed a hill giant
  8171 | D:9      | Killed a hill giant
  8332 | D:10     | Learned a level 1 spell: Infusion
  8335 | D:10     | Learned a level 2 spell: Song of Slaying
  8338 | D:10     | Learned a level 2 spell: Shroud of Golubria
  8415 | D:10     | Found a staircase to the Lair.
  8981 | D:10     | Reached XP level 11. HP: 71/109 MP: 10/10
  9269 | Lair:1   | Entered Level 1 of the Lair of Beasts
  9635 | Lair:1   | Got a steaming robe
  9698 | Lair:1   | Identified the cursed +1 robe "Ywagoh" {rPois} (You found it on level 1 of the Lair of Beasts)
 10071 | Lair:1   | Got an ichor-stained rapier
 10072 | Lair:1   | Identified the +5 rapier of Exoneration {freeze, rF- Str+6} (You found it on level 1 of the Lair of Beasts)
 10110 | Lair:1   | Reached skill level 10 in Unarmed Combat
 10282 | Lair:1   | Noticed a five-headed hydra
 10343 | Lair:2   | Noticed an ice statue
 10344 | Lair:2   | Noticed an ice dragon
 10377 | Lair:3   | HP: 2/109 [iguana (10)]
 10436 | Lair:2   | Reached skill level 10 in Dodging
 10704 | Lair:2   | HP: 5/109 [seven-headed hydra (5)]
 10704 | Lair:2   | Mangled by a seven-headed hydra

Vault maps used:
D:1:      minmay_arrival_four_houses, serial_bayou_pond_b
D:3:      lemuel_coloured_pillars_altar, first_bread
D:5:      grunt_temple_overflow_holy_war, grunt_temple_overflow_open
D:6:      minmay_temple_entry_junction, serial_shops,
          nicolae_shop_competitors_out_of_business, uniq_eustachio, uniq_duvessa
D:7:      vehumet_altar_wand_db, okawaru_metal_pillars_1_2, basic_altar,
          serial_shops, shop_fountains
D:8:      tgw_xom, grunt_pizzeria, nicolae_dithmenos_the_darkroom
D:9:      nicolae_qazlal_style_of_elements, serial_shops, kennysheep_mini_moat,
          uniq_grum
D:10:     david_lair_generic, special_room
Temple:   temple_island_7
Lair:1:   lemuel_ratsnest
Lair:2:   portal_ice_cave_entry_pillars_01, ice2_lemuel
Lair:3:   dummy_spider_entry, special_room

Action                   |  1- 3 |  4- 6 |  7- 9 | 10-12 || total
-------------------------+-------+-------+-------+-------++-------
Melee: Unarmed           |    81 |    91 |   432 |   545 ||  1149
       Dagger            |       |    27 |       |    22 ||    49
       Giant spiked club |       |       |       |    24 ||    24
       Halberd           |       |       |       |    13 ||    13
       Rapier            |       |       |       |    12 ||    12
 Cast: Infusion          |       |       |       |     2 ||     2
Invok: Potion Petition   |       |     1 |     1 |     3 ||     5
Evoke: Deck              |       |       |       |     8 ||     8
       Box of beasts     |       |       |       |     1 ||     1
  Use: Scroll            |       |     7 |     6 |     6 ||    19
       Potion            |       |       |     4 |     6 ||    10
 Stab: Sleeping          |     3 |     3 |     8 |     2 ||    16
       Invisible         |       |       |     2 |       ||     2
       Distracted        |       |       |       |    10 ||    10
  Eat: Chunk             |    10 |    11 |       |       ||    21
       Bread ration      |       |       |     5 |     1 ||     6
       Beef jerky        |       |       |     3 |     1 ||     4
       Meat ration       |       |       |     2 |     5 ||     7
       Pizza             |       |       |     3 |       ||     3
       Royal jelly       |       |       |       |     4 ||     4
